 Dungeon Crawl Stone Soup version 0.21-a0-437-ge5bf024 (webtiles) character file.

1947 tilp the Arsonist (level 8, 0/41 HPs)
             Began as a Deep Elf Fire Elementalist on Nov 8, 2017.
             Was an Initiate of Vehumet.
             Killed from afar by a hell hound (7 damage)
             ... with a blast of flame
             ... on level 8 of the Dungeon on Nov 9, 2017.
             The game lasted 00:35:13 (9254 turns).

tilp the Arsonist (Deep Elf Fire Elementalist)      Turns: 9254, Time: 00:35:13

Health: 0/41       AC:  6    Str:  5    XL:     8   Next: 98%
Magic:  15/22      EV: 11    Int: 23    God:    Vehumet [......]
Gold:   143        SH:  6    Dex: 17    Spells: 3/23 levels left

rFire    + . .     SeeInvis .   R - +1 trident (vamp)
rCold    + . .     Gourm    .   O - +2 buckler
rNeg     . . .     Faith    .   e - +2 leather armour {MR+}
rPois    +         Spirit   .   (no helmet)
rElec    +         Reflect  .   (no cloak)
rCorr    +         Harm     .   (no gloves)
MR       +....                  J - +0 pair of boots
Stlth    ++........             z - amulet of regeneration
HPRegen  0.53/turn              n - +2 ring of dexterity
MPRegen  0.18/turn              r - ring of resist corrosion

@: resistant
A: no striking features
a: Renounce Religion


You were on level 8 of the Dungeon.
You worshipped Vehumet.
Vehumet was noncommittal.
You were hungry.

You visited 2 branches of the dungeon, and saw 9 of its levels.

You collected 263 gold pieces.
You spent 120 gold pieces at shops.

Inventory:

Hand Weapons
 f - a +1 dagger
 R - a +1 vampiric trident (weapon)
 S - a +2 hand axe of chopping
Missiles
 E - 7 javelins (quivered)
 F - 4 tomahawks
 I - 9 poisoned needles
 K - 3 exploding tomahawks
Armour
 a - a +0 robe
 e - a +2 leather armour of magic resistance (worn)
 J - a +0 pair of boots (worn)
 O - a +2 buckler (worn)
Jewellery
 n - a +2 ring of dexterity (left hand)
 r - a ring of resist corrosion (right hand)
 z - an amulet of regeneration (around neck)
Wands
 m - a wand of confusion (19/48)
 y - a wand of confusion (10/48)
 D - a wand of confusion (24/48)
 H - a wand of enslavement (15/24)
Scrolls
 d - 5 scrolls of teleportation
 i - 3 scrolls of enchant weapon
 j - 5 scrolls of remove curse
 q - a scroll of summoning {unknown}
 s - a scroll of immolation {unknown}
 t - a scroll of fog {unknown}
 L - a scroll of recharging {unknown}
 Q - 3 scrolls of magic mapping {unknown}
Potions
 g - a potion of curing
 k - 2 potions of haste
 l - a potion of mutation
 o - a potion of agility
 u - a potion of might
 v - a potion of lignification
 A - 2 potions of flight
 G - a potion of heal wounds {unknown}
 M - a potion of brilliance {unknown}
 N - a potion of magic {unknown}
Books
 b - a book of Flames

   Spells                             Type                      Level
   a - Flame Tongue                   Conjuration/Fire             1
   b - Throw Flame                    Conjuration/Fire             2
   c - Conjure Flame                  Conjuration/Fire             3
   d - Inner Flame                    Hexes/Fire                   3
   e - Sticky Flame                   Conjuration/Fire             4
   f - Fireball                       Conjuration/Fire             5
 C - a book of Cantrips

   Spells                             Type                      Level
   a - Confusing Touch                Hexes                        1
   b - Animate Skeleton               Necromancy                   1
   c - Summon Small Mammal            Summoning                    1
   d - Apportation                    Translocation                1
 P - a book of Frost

   Spells                             Type                      Level
   a - Freeze                         Ice                          1
   b - Throw Frost                    Conjuration/Ice              2
   c - Ozocubu's Armour               Charms/Ice                   3
   d - Throw Icicle                   Conjuration/Ice              4
   e - Summon Ice Beast               Ice/Summoning                4
Comestibles
 c - 7 bread rations
 p - 3 royal jellies
 B - 7 fruits


   Skills:
 - Level 2.4 Dodging
 - Level 2.4 Stealth
 - Level 8.0 Spellcasting
 + Level 7.9 Conjurations
 + Level 8.6 Fire Magic


You had 3 spell levels left.
You knew the following spells:

 Your Spells              Type           Power        Failure   Level  Hunger
a - Flame Tongue          Conj/Fire      #####        1%          1    None
b - Throw Flame           Conj/Fire      #####.       1%          2    None
c - Conjure Flame         Conj/Fire      #####...     1%          3    None
d - Sticky Flame          Conj/Fire      #####...     6%          4    ###....
e - Fireball              Conj/Fire      #####.....   17%         5    #####..
f - Animate Skeleton      Necr           N/A          19%         1    None
g - Apportation           Tloc           #.....       19%         1    None
h - Summon Small Mammal   Summ           #...         19%         1    None
i - Throw Frost           Conj/Ice       ####..       5%          2    None


Dungeon Overview and Level Annotations

Branches:
Dungeon (8/15)             Temple (1/1) D:5            Lair (0/6) D:8

Altars:
Ashenzari
Cheibriados
Dithmenos
Elyvilon
Fedhas
Gozag
Hepliaklqana
Kikubaaqudgha
Makhleb
Nemelex Xobeh
Okawaru
Qazlal
Ru
Sif Muna
Trog
Uskayaw
Vehumet
Wu Jian
Xom
Yredelemnul
Zin
The Shining One

Shops:
D:6 ?

Annotations:
D:5 Edmund; Grinder; namelastname112's ghost, novice KoCj
D:8 Tux's ghost, novice DrAE


Message History

Aim: a hell hound (moderately wounded)
The puff of frost hits the hell hound.
The hell hound is frozen!
The hell hound is heavily wounded.
The hell hound misses you.
Unknown command.
You hit the hell hound.
The hell hound is severely wounded.
The hell hound breathes flames at you. The blast of flame hits you!
The hell hound bites you but does no damage. x2
You hit the hell hound but do no damage.
The hell hound is severely wounded.
The hell hound misses you. The hell hound breathes flames at you.
The blast of flame hits you!
* * * LOW HITPOINT WARNING * * *
You feel protected. The hell hound breathes flames at you.
The blast of flame hits you! You resist.
You die...

.##. .... ... #... ..
#..#. .. #... #. #..#
#.## #.> #..## ..####.>.
#...#######.#......
##.#.....†..@h...§≈≈
#..<.###..##..#.≈.≈§
###.#######..##...≈≈.≈
###...# #...........≈≈§>
......# #............≈≈§
#.....###.<..........§≈§
######................§§
........................
#########.............##


You could see a hell hound.

Vanquished Creatures
  A hell hound (D:8)
  2 sky beasts (D:7)
  3 ogres
  2 centaurs
  5 bullfrogs
  A wyvern skeleton (D:6)
  A howler monkey (D:7)
  A crimson imp (D:7)
  3 orc priests
  A bullfrog zombie (D:5)
  A centaur zombie (D:8)
  A hound (D:8)
  A centaur skeleton (D:4)
  4 iguanas
  Ijyb (D:4)
  6 orc wizards
  3 worker ants
  A hound skeleton (D:5)
  5 adders
  3 gnolls (D:4)
  3 shadow imps
  An ooze (D:2)
  An adder skeleton (D:6)
  An adder zombie (D:6)
  A worm (D:3)
  2 dart slugs
  2 leopard geckos
  26 orcs
  7 bats
  4 giant cockroaches
  6 goblins
  6 hobgoblins
  14 jackals
  2 quokkas
  3 frilled lizards
  12 kobolds
  A leopard gecko skeleton (D:4)
  8 rats
146 creatures vanquished.

Notes
Turn   | Place    | Note
-------+----------+-------------------------------------------
     0 | D:1      | tilp the Deep Elf Fire Elementalist began the quest for the Orb.
     0 | D:1      | Reached XP level 1. HP: 10/10 MP: 6/6
   376 | D:1      | Reached XP level 2. HP: 15/15 MP: 6/8
   383 | D:1      | Learned a level 2 spell: Throw Flame
  1403 | D:2      | Reached XP level 3. HP: 19/19 MP: 6/10
  1408 | D:2      | Learned a level 3 spell: Conjure Flame
  1452 | D:2      | Found a shattered altar of Ashenzari.
  1948 | D:2      | Found a deep blue altar of Sif Muna.
  1948 | D:2      | Found an ornate altar of the Wu Jian Council.
  1970 | D:2      | Found a faded altar of an unknown god.
  1972 | D:2      | Found a faded altar of an unknown god.
  1974 | D:2      | Found a sacrificial altar of Ru.
  2144 | D:2      | Noticed a bullfrog
  2156 | D:2      | Killed a bullfrog
  2156 | D:2      | Reached XP level 4. HP: 4/24 MP: 4/12
  2607 | D:2      | Reached XP level 5. HP: 28/28 MP: 9/13
  2617 | D:2      | Learned a level 4 spell: Sticky Flame
  2699 | D:2      | Upgraded the game from 0.21-a0-434-g806c6c2 to 0.21-a0-437-ge5bf024
  3913 | D:4      | Reached skill level 5 in Spellcasting
  3996 | D:4      | Noticed Ijyb
  4228 | D:4      | Found an iron altar of Okawaru.
  4246 | D:4      | Learned a level 1 spell: Animate Skeleton
  4248 | D:4      | Learned a level 1 spell: Apportation
  4250 | D:4      | Learned a level 1 spell: Summon Small Mammal
  4589 | D:4      | Found an opulent altar of Gozag.
  4590 | D:4      | Found a glowing silver altar of Zin.
  4591 | D:4      | Reached skill level 5 in Fire Magic
  4626 | D:4      | Reached XP level 6. HP: 29/32 MP: 2/16
  4761 | D:4      | Found a white marble altar of Elyvilon.
  4929 | D:4      | Noticed a sky beast
  5048 | D:5      | Entered Level 5 of the Dungeon
  5308 | D:5      | Noticed Edmund
  5587 | D:5      | Reached XP level 7. HP: 36/36 MP: 14/18
  5639 | D:5      | Noticed Grinder
  5909 | D:5      | Reached skill level 5 in Conjurations
  6133 | D:5      | Noticed namelastname112's ghost (novice KoCj)
  6341 | D:5      | Found a snail-covered altar of Cheibriados.
  6640 | D:4      | Killed Ijyb
  6972 | D:5      | Found a staircase to the Ecumenical Temple.
  6978 | Temple   | Entered the Ecumenical Temple
  7177 | Temple   | Became a worshipper of Vehumet
  7248 | D:6      | Found Mechow's Magic Scroll Shoppe.
  7253 | D:6      | Bought a scroll of identify for 24 gold pieces
  7253 | D:6      | Bought a scroll of identify for 24 gold pieces
  7253 | D:6      | Bought a scroll of random uselessness for 12 gold pieces
  7253 | D:6      | Bought a scroll of remove curse for 36 gold pieces
  7253 | D:6      | Bought a scroll of identify for 24 gold pieces
  7421 | D:6      | Reached XP level 8. HP: 41/41 MP: 11/21
  8165 | D:6      | Learned a level 5 spell: Fireball
  8582 | D:7      | Found a bloodstained altar of Trog.
  8612 | D:7      | Learned a level 2 spell: Throw Frost
  8781 | D:7      | Found a basalt altar of Yredelemnul.
  9128 | D:8      | Found a staircase to the Lair.
  9130 | D:8      | Noticed Tux's ghost (novice DrAE)
  9254 | D:8      | Killed from afar by a hell hound

Vault maps used:
D:1:      matt_arrival_spirals, serial_forest, infiniplex_forest_straight_2,
          infiniplex_forest_straight_2, infiniplex_forest_lined_corner,
          infiniplex_forest_lined_1, infiniplex_forest_zigzag_1,
          infiniplex_forest_clump_curved, infiniplex_forest_clump_long,
          minmay_split_cup_large
D:2:      chequers_temple_overflow_minitemple, ashenzari_altar_1
D:4:      grunt_temple_overflow_gold_and_silver, elyvilon_altar_5, first_bread,
          okawaru_metal_pillars_1_2, uniq_ijyb
D:5:      temple_green, kennysheep_slug_shrine, uniq_edmund, uniq_grinder
D:6:      serial_shops, shop, dk_vineyard_3
D:7:      yredelemnul_altar_generic, basic_altar
D:8:      cheibrodos_statue_roulette, minmay_lair_entry_lava, grunt_livestock,
          kennysheep_generic_room_6
Temple:   eino_temple_water

Skill      XL: |  1  2  3  4  5  6  7  8 |
---------------+-------------------------+-----
Conjurations   | 2 3 4 6 7 |  7.9
Fire Magic     | 4 5 6 8 |  8.6
Spellcasting   | 4 5 6 7 8 |  8.0
Dodging        | |  2.4
Stealth        | |  2.4

Action                   |  1- 3 |  4- 6 |  7- 9 || total
-------------------------+-------+-------+-------++-------
Melee: Dagger            |     1 |     2 |    10 ||    13
       Trident           |       |       |     3 ||     3
Throw: Stone             |    42 |     1 |       ||    43
       Javelin           |       |     1 |     4 ||     5
 Cast: Flame Tongue      |    56 |    72 |    98 ||   226
       Throw Flame       |    10 |    29 |    26 ||    65
       Conjure Flame     |     2 |     5 |     9 ||    16
       Sticky Flame      |       |     5 |     6 ||    11
       Throw Frost       |       |       |    11 ||    11
Evoke: Wand              |       |     1 |     6 ||     7
  Use: Scroll            |     1 |     7 |     6 ||    14
       Potion            |       |       |     1 ||     1
  Eat: Chunk             |     4 |    11 |    10 ||    25
       Fruit             |       |       |     7 ||     7
Armor: Robe              |     2 |       |       ||     2
       Leather armour    |       |       |    13 ||    13
Dodge: Dodged            |    11 |    11 |    30 ||    52

Table legend:
 A = Spawn XP
 B = Non-spawn XP
 C = Spawn XP percentage of total XP
 D = Spawn monster count
 E = Non-spawn monster count
 F = Spawn count percentage of total count
 G = Total turns spent on level
                    A         B        C        D         E        F      G
               +---------+---------+-------+---------+---------+-------+---------
         Total |       0 |    2782 |   0.0 |       0 |     146 |   0.0 |  9254
               +---------+---------+-------+---------+---------+-------+---------
           D:1 |       0 |      36 |   0.0 |       0 |      22 |   0.0 |  1305
           D:2 |       0 |     161 |   0.0 |       0 |      24 |   0.0 |  1443
           D:3 |       0 |      45 |   0.0 |       0 |      17 |   0.0 |  1121
           D:4 |       0 |     390 |   0.0 |       0 |      20 |   0.0 |  1707
           D:5 |       0 |     498 |   0.0 |       0 |      24 |   0.0 |  1333
           D:6 |       0 |     654 |   0.0 |       0 |      19 |   0.0 |  1068
           D:7 |       0 |     771 |   0.0 |       0 |      17 |   0.0 |   868
           D:8 |       0 |     227 |   0.0 |       0 |       3 |   0.0 |   192
               +---------+---------+-------+---------+---------+-------+---------
